 Dungeon Crawl Stone Soup version 0.25.0-26-g0c896c7088 (webtiles) character file.

Game seed: 11431605517435906938

592 lepoulpe303 the Vexing (level 7, -6/52 HPs)
             Began as a Gnoll Arcane Marksman on July 2, 2020.
             Killed from afar by Duvessa (7 damage)
             ... with a puff of flame
             ... on level 4 of the Dungeon.
             The game lasted 00:12:44 (3718 turns).

lepoulpe303 the Vexing (Gnoll Arcane Marksman)      Turns: 3718, Time: 00:12:44

Health: -6/52      AC:  4    Str: 13    XL:     7   Next: 39%
Magic:  10/12      EV: 14    Int: 17    God:
Gold:   124        SH:  0    Dex: 15    Spells: 7/13 levels left

rFire    . . .     SeeInvis +   b - +2 quarterstaff (protect)
rCold    . . .     Gourm    .   (shield currently unavailable)
rNeg     . . .     Faith    .   d - +0 leather armour
rPois    .         Spirit   .   (no helmet)
rElec    .         Reflect  .   n - +0 cloak
rCorr    .         Harm     .   (no gloves)
MR       .....                  (no boots)
Stlth    ++........             (no amulet)
HPRegen  0.17/turn              S - ring of see invisible
MPRegen  0.13/turn              W - ring of wizardry {Wiz+}

@: no status effects
A: distributed training, fangs 1, strong nose
a: no special abilities


You were on level 4 of the Dungeon.
You were hungry.

You visited 2 branches of the dungeon, and saw 5 of its levels.

You collected 124 gold pieces.

Inventory:

Hand Weapons
 a - a +0 shortbow
 b - a +2 quarterstaff of protection (weapon)
Missiles
 r - 8 boomerangs
 s - 8 poisoned darts (quivered)
 Q - 3 arrows
Armour
 d - a +0 leather armour (worn)
 f - a +0 robe
 n - a +0 cloak (worn)
Jewellery
 G - an uncursed amulet of guardian spirit {Spirit}
 S - a ring of see invisible (left hand)
 W - a ring of wizardry (right hand) {Wiz+}
Scrolls
 c - a scroll of remove curse {unknown}
 i - a scroll of identify
 k - a scroll of magic mapping {unknown}
 l - 2 scrolls of immolation {!r}
 o - a scroll of fog {unknown}
 t - 2 scrolls of teleportation {unknown}
 v - a scroll of amnesia {unknown}
Potions
 g - 2 potions of haste {unknown}
 h - 2 potions of lignification {unknown}
 j - 4 potions of degeneration {unknown}
 m - a potion of cancellation {unknown}
 p - a potion of resistance
 q - a potion of mutation {unknown}
 w - a potion of curing {unknown}
Comestibles
 e - 4 rations


   Skills:
 + Level 3.5 Fighting
 + Level 2.4 Short Blades
 + Level 2.4 Long Blades
 + Level 2.4 Axes
 + Level 2.4 Maces & Flails
 + Level 2.4 Polearms
 + Level 2.4 Staves
 + Level 2.4 Slings
 + Level 5.2 Bows
 + Level 2.4 Crossbows
 + Level 2.4 Throwing
 + Level 2.4 Armour
 + Level 5.2 Dodging
 + Level 2.4 Stealth
 + Level 2.4 Shields
 + Level 2.4 Unarmed Combat
 + Level 3.7 Spellcasting
 + Level 2.0 Conjurations
 + Level 5.8 Hexes
 + Level 2.0 Charms
 + Level 2.0 Summonings
 + Level 2.0 Necromancy
 + Level 2.0 Translocations
 + Level 2.0 Transmutations
 + Level 2.0 Fire Magic
 + Level 2.0 Ice Magic
 + Level 2.0 Air Magic
 + Level 2.0 Earth Magic
 + Level 2.0 Poison Magic
 + Level 2.6 Invocations
 + Level 2.4 Evocations


You had 7 spell levels left.
You knew the following spells:

 Your Spells              Type           Power        Failure   Level  Hunger
a - Portal Projectile     Hex/Tloc       ###...       4%          3    ###....
s - Slow                  Hex            ###.....     1%          2    ##.....
v - Corona                Hex            ###....      1%          1    None

Your spell library contained the following spells:

 Spells                   Type           Power        Failure   Level  Hunger
 Ensorcelled Hibernation  Hex/Ice        ###...       2%          2    ##.....
 Confusing Touch          Hex            ###.....     2%          3    ###....
 Tukima's Dance           Hex            ###.....     2%          3    ###....
 Dazzling Flash           Conj/Hex       ###...       4%          3    ###....
 Inner Flame              Hex/Fire       ###.....     4%          3    ###....
 Cause Fear               Hex            ###.......   8%          4    ####...
 Leda's Liquefaction      Hex/Erth       ###.......   16%         4    ####...


Dungeon Overview and Level Annotations

Branches:
Dungeon (4/15)             Temple (1/1) D:4

Altars:
Cheibriados
Dithmenos
Elyvilon
Fedhas
Hepliaklqana
Kikubaaqudgha
Makhleb
Ru
Sif Muna
Trog
Uskayaw
Vehumet
Wu Jian
Zin
The Shining One

Annotations:
D:4 Duvessa


Innate Abilities, Weirdness & Mutations

Your experience applies equally to all skills.
You have very sharp teeth.
Your uncanny sense of smell can sniff out nearby items.


Message History

a +0 dagger; a +0 robe; the elf corpse of Dowan You take 10 damage, and have 5/52 hp.
Duvessa rages.
Aim: Duvessa, wielding a +0 short sword, wearing a +0 scale mail and carrying a wand of flame (15) (moderately wounded, berserk, fast, chance to defeat MR: 45%) Duvessa seems to slow down.
Duvessa hits you but does no damage.
You now have 7/12 mp.
Duvessa rages.
There is a stone staircase leading up here.
You hear a shout!
Duvessa rages.
Duvessa is no longer berserk.
Duvessa zaps a wand.
The puff of flame misses you.
Duvessa zaps a wand.
The puff of flame hits you!
* * * LOW HITPOINT WARNING * * *
You take 8 damage, and have 1/52 hp.
Duvessa zaps a wand.
The puff of flame hits you!
You die...

#<..<...)....................
#.#########(.....[....#.#####
#..# ..........##.# ##.#
.....(....##.# #.##
##....(.......# #..#
#....(.....#### ### ##.#
#........(.# #.. #.# #...>...$..#
#.. #######.##### #.@........#
#.. #)..........# #..........#
#.. #......####.####........# #..
#......# #..e.e.......# #####..
#......###########..>..####......
###..###.........##.........###..
##...#...รท...........#####.....
#.#.#.........###...####..####
#.#.#...............#....## #


You could see Duvessa (fast).

Levels and vault maps discovered:
D:1:      wander_arrival_estate, layout_basic, minmay_pentomino_q4
D:2:      layout_basic, kennysheep_slug_shrine, first_ration
D:3:      layout_basic, lemuel_coloured_pillars_altar,
          grunt_temple_overflow_open, uniq_ijyb
D:4:      layout_rooms, minmay_temple_entry_proselytizer, hangedman_decor_push,
          serial_park_tiny_1, serial_park_tiny_1, uniq_duvessa, uniq_edmund,
          uniq_crazy_yiuf_cottage
Temple:   eino_narrow_crystal_temple

Notes
Turn   | Place    | Note
-------+----------+-------------------------------------------
     0 | D:1      | lepoulpe303 the Gnoll Arcane Marksman began the quest for
                  | the Orb.
     0 | D:1      | Reached XP level 1. HP: 17/17 MP: 4/4
   104 | D:1      | Identified a cursed +0 club
   170 | D:1      | Reached XP level 2. HP: 23/23 MP: 5/5
   174 | D:1      | Learned a level 2 spell: Slow
   175 | D:1      | Identified a +0 club
   264 | D:1      | Identified a cursed -2 dagger
   271 | D:1      | Reached XP level 3. HP: 27/28 MP: 7/7
   274 | D:1      | Identified a +0 whip
   348 | D:1      | Identified a +0 hand axe (You found it on level 1 of the
                  | Dungeon)
   354 | D:1      | Identified a +0 shortbow
   768 | D:1      | Identified a +0 leather armour (You found it on level 1 of
                  | the Dungeon)
   863 | D:2      | Identified a +0 club
   916 | D:2      | Reached skill level 1 in Invocations
  1086 | D:2      | Reached skill level 1 in Short Blades
  1086 | D:2      | Reached skill level 1 in Long Blades
  1086 | D:2      | Reached skill level 1 in Axes
  1086 | D:2      | Reached skill level 1 in Maces & Flails
  1086 | D:2      | Reached skill level 1 in Polearms
  1086 | D:2      | Reached skill level 1 in Staves
  1086 | D:2      | Reached skill level 1 in Slings
  1086 | D:2      | Reached skill level 1 in Crossbows
  1086 | D:2      | Reached skill level 1 in Throwing
  1086 | D:2      | Reached skill level 1 in Armour
  1086 | D:2      | Reached skill level 1 in Stealth
  1086 | D:2      | Reached skill level 1 in Shields
  1086 | D:2      | Reached skill level 1 in Unarmed Combat
  1086 | D:2      | Reached skill level 1 in Evocations
  1190 | D:2      | Identified a +0 dagger
  1273 | D:2      | Reached XP level 4. HP: 34/34 MP: 4/8
  1278 | D:2      | Learned a level 3 spell: Portal Projectile
  1315 | D:2      | Identified a +0 short sword
  1515 | D:2      | Identified a +0 dagger
  1547 | D:2      | Reached skill level 3 in Spellcasting
  1550 | D:2      | Identified a +2 quarterstaff of protection
  1611 | D:2      | Identified a +0 club
  1629 | D:2      | Identified a +0 giant club
  1629 | D:2      | Noticed an ogre
  1699 | D:2      | Killed an ogre
  1699 | D:2      | Reached skill level 3 in Fighting
  1699 | D:2      | Reached skill level 1 in Conjurations
  1699 | D:2      | Reached skill level 1 in Charms
  1699 | D:2      | Reached skill level 1 in Summonings
  1699 | D:2      | Reached skill level 1 in Necromancy
  1699 | D:2      | Reached skill level 1 in Translocations
  1699 | D:2      | Reached skill level 1 in Transmutations
  1699 | D:2      | Reached skill level 1 in Fire Magic
  1699 | D:2      | Reached skill level 1 in Ice Magic
  1699 | D:2      | Reached skill level 1 in Air Magic
  1699 | D:2      | Reached skill level 1 in Earth Magic
  1699 | D:2      | Reached skill level 1 in Poison Magic
  1699 | D:2      | Reached XP level 5. HP: 26/41 MP: 3/9
  1916 | D:2      | Identified a +0 dagger
  1933 | D:2      | Found a snail-covered altar of Cheibriados.
  2232 | D:2      | Identified a +0 dagger
  2242 | D:2      | Identified 3 scrolls of immolation
  2243 | D:2      | Identified 3 scrolls of identify
  2243 | D:2      | Identified an amulet of guardian spirit (You found it on
                  | level 1 of the Dungeon)
  2246 | D:2      | Identified a ring of see invisible (You found it on level 2
                  | of the Dungeon)
  2340 | D:3      | You fall into a shaft and drop 1 floor!
  2344 | D:4      | Identified a +0 dire flail of draining
  2344 | D:4      | Identified a +0 scale mail
  2344 | D:4      | Noticed Edmund
  2359 | D:4      | Reached XP level 6. HP: 24/47 MP: 5/10
  2644 | D:4      | Killed Edmund
  2644 | D:4      | Reached skill level 2 in Short Blades
  2644 | D:4      | Reached skill level 2 in Long Blades
  2644 | D:4      | Reached skill level 2 in Axes
  2644 | D:4      | Reached skill level 2 in Maces & Flails
  2644 | D:4      | Reached skill level 2 in Polearms
  2644 | D:4      | Reached skill level 2 in Staves
  2644 | D:4      | Reached skill level 2 in Slings
  2644 | D:4      | Reached skill level 5 in Bows
  2644 | D:4      | Reached skill level 2 in Crossbows
  2644 | D:4      | Reached skill level 2 in Throwing
  2644 | D:4      | Reached skill level 2 in Armour
  2644 | D:4      | Reached skill level 5 in Dodging
  2644 | D:4      | Reached skill level 2 in Stealth
  2644 | D:4      | Reached skill level 2 in Shields
  2644 | D:4      | Reached skill level 2 in Unarmed Combat
  2644 | D:4      | Reached skill level 2 in Invocations
  2644 | D:4      | Reached skill level 2 in Evocations
  2870 | D:4      | Found a staircase to the Ecumenical Temple.
  2870 | D:4      | Identified a +0 flail
  2883 | Temple   | Entered the Ecumenical Temple
  3107 | D:4      | Identified a +0 giant club
  3117 | D:4      | Reached XP level 7. HP: 52/52 MP: 8/12
  3139 | D:4      | Identified a +0 scale mail
  3208 | D:4      | Identified a ring of wizardry (You found it on level 4 of
                  | the Dungeon)
  3222 | D:4      | Found a runed translucent door.
  3223 | D:4      | Identified a +3 quarterstaff of chaos
  3223 | D:4      | Identified a +0 cloak
  3223 | D:4      | Noticed Crazy Yiuf
  3260 | D:4      | Killed Crazy Yiuf
  3378 | D:4      | Identified a +0 dagger
  3378 | D:4      | Identified a +0 robe
  3378 | D:4      | Noticed Dowan
  3674 | D:4      | Identified a +0 short sword
  3674 | D:4      | Identified a +0 scale mail
  3674 | D:4      | Noticed Duvessa
  3690 | D:4      | Killed Dowan
  3690 | D:4      | Reached skill level 2 in Conjurations
  3690 | D:4      | Reached skill level 2 in Charms
  3690 | D:4      | Reached skill level 2 in Summonings
  3690 | D:4      | Reached skill level 2 in Necromancy
  3690 | D:4      | Reached skill level 2 in Translocations
  3690 | D:4      | Reached skill level 2 in Transmutations
  3690 | D:4      | Reached skill level 2 in Fire Magic
  3690 | D:4      | Reached skill level 2 in Ice Magic
  3690 | D:4      | Reached skill level 2 in Air Magic
  3690 | D:4      | Reached skill level 2 in Earth Magic
  3690 | D:4      | Reached skill level 2 in Poison Magic
  3692 | D:4      | HP: 5/52 [Duvessa/+0 short sword (10)]
  3716 | D:4      | HP: 1/52 [Duvessa/puff of flame (8)]
  3718 | D:4      | Killed from afar by Duvessa

Table legend:
 A = Turns spent in this place as a percentage of turns spent in the entire game.
 B = Non-inter-level travel turns spent in this place as a percentage of non-inter-level travel turns spent in the entire game.
 C = Inter-level travel turns spent in this place as a percentage of turns spent in this place.
 D = Turns resting spent in this place as a percentage of non-inter-level travel turns spent in this place.
 E = Turns spent auto-exploring this place as a percentage of non-inter-level travel turns spent in this place.
 F = Non-inter-level travel turns spent in this place divided by the number of levels of this place that you've seen.
                   A       B       C       D       E      F
               +-------+-------+-------+-------+-------+----------------------
         Total | 100.0 | 100.0 |   3.1 |  32.3 |  44.7 | 720.8
       Dungeon |  95.8 |  96.0 |   2.8 |  33.6 |  42.4 | 865.2
        Temple |   4.2 |   4.0 |   8.9 |   0.0 |  99.3 | 143.0
               +-------+-------+-------+-------+-------+----------------------

Table legend:
 A = Kills in this place as a percentage of kills in entire the game.
 B = Kills by you in this place as a percentage of kills by you in the entire game.
 C = Kills by friends in this place as a percentage of kills by friends in the entire game.
 D = Other kills in this place as a percentage of other kills in the entire game.
 E = Experience gained in this place as a percentage of experience gained in the entire game.
 F = Experience gained in this place divided by the number of levels of this place that you have seen.
                   A       B       C       D       E      F
               +-------+-------+-------+-------+-------+----------------------
         Total | 100.0 | 100.0 |   N/A |   N/A | 100.0 | 169.4
       Dungeon | 100.0 | 100.0 |   N/A |   N/A | 100.0 | 211.8
               +-------+-------+-------+-------+-------+----------------------

Skill      XL: |  1  2  3  4  5  6  7 |
---------------+----------------------+-----
Invocations    | 1 2 |  2.6
Short Blades   | 1 2 |  2.4
Long Blades    | 1 2 |  2.4
Axes           | 1 2 |  2.4
Maces & Flails | 1 2 |  2.4
Polearms       | 1 2 |  2.4
Staves         | 1 2 |  2.4
Slings         | 1 2 |  2.4
Crossbows      | 1 2 |  2.4
Throwing       | 1 2 |  2.4
Armour         | 1 2 |  2.4
Stealth        | 1 2 |  2.4
Shields        | 1 2 |  2.4
Unarmed Combat | 1 2 |  2.4
Evocations     | 1 2 |  2.4
Spellcasting   | 3 |  3.7
Fighting       | 3 |  3.5
Conjurations   | 1 2 |  2.0
Charms         | 1 2 |  2.0
Summonings     | 1 2 |  2.0
Necromancy     | 1 2 |  2.0
Translocations | 1 2 |  2.0
Transmutations | 1 2 |  2.0
Fire Magic     | 1 2 |  2.0
Ice Magic      | 1 2 |  2.0
Air Magic      | 1 2 |  2.0
Earth Magic    | 1 2 |  2.0
Poison Magic   | 1 2 |  2.0
Bows           | 5 |  5.2
Dodging        | 5 |  5.2
Hexes          | |  5.8

Action                   |  1- 3 |  4- 6 |  7- 9 || total
-------------------------+-------+-------+-------++-------
Melee: Hand axe          |    35 |    46 |       ||    81
       Bite              |     6 |     9 |     3 ||    18
       Punch             |       |     1 |       ||     1
       Quarterstaff      |       |    43 |    36 ||    79
 Fire: Shortbow          |    61 |    37 |    14 ||   112
Throw: Dart              |       |     9 |     3 ||    12
 Cast: Corona            |     3 |     1 |       ||     4
       Slow              |     4 |    15 |     5 ||    24
  Use: Scroll            |       |     2 |     1 ||     3
 Stab: Sleeping          |       |       |     1 ||     1
  Eat: Chunk             |     1 |     4 |     1 ||     6
       Ration            |       |     1 |       ||     1
Armor: Robe              |     7 |       |       ||     7
       Leather armour    |     1 |    15 |    12 ||    28
Dodge: Dodged            |    37 |    65 |    32 ||   134

Vanquished Creatures
  Edmund (D:4)
  2 ogres
  Dowan (D:4)
  A scorpion (D:4)
  A hound (D:4)
  Crazy Yiuf (D:4)
  An orc priest (D:4)
  A worker ant (D:4)
  5 adders
  A gnoll (D:1)
  2 worms
  A dart slug (D:2)
  3 leopard geckos
  An orc (D:4)
  2 giant cockroaches (D:1)
  8 goblins
  8 hobgoblins
  7 jackals
  6 bats
  3 frilled lizards
  7 kobolds
  A quokka skeleton (D:4)
  5 rats
69 creatures vanquished.
